 Dungeon Crawl Stone Soup version 0.18-a0-1273-g8ec5f8e (webtiles) character file.

53 M4edhros the Charlatan (level 3, 0/23 HPs)
             Began as an Octopode Artificer on Feb 8, 2016.
             Succumbed to an adder's poison
             ... on level 3 of the Dungeon.
             The game lasted 00:00:55 (977 turns).

M4edhros the Charlatan (Octopode Artificer)          Turns: 977, Time: 00:00:55

Health: 0/23       AC:  1    Str: 10    XL:     3   Next: 89%
Magic:  6/6        EV: 12    Int: 15    God:
Gold:   25         SH:  0    Dex: 12    Spells: 0 memorised, 2 levels left

rFire  . . .     SeeInvis .     a - +0 short sword
rCold  . . .     Gourm    .     (no shield)
rNeg   . . .     Faith    .     (helmet restricted)
rPois  .         Spirit   .     e - amulet of rage
rElec  .         Dismiss  .     (no ring)
rCorr  .         Reflect  .     (no ring)
SustAt .         Harm     .     (no ring)
MR     .....                    (no ring)
Stlth  +++.......               (no ring)
                                (no ring)
                                (no ring)
                                (no ring)

@: lethally poisoned (0 -> -6), not resistant to hostile enchantments, fairly
stealthy
A: almost no armour, amphibious, 8 rings, constrict 8, camouflage 1, gelatinous
body 1
a: Evoke Berserk Rage


You were on level 3 of the Dungeon.
You were not hungry.

You visited 1 branch of the dungeon, and saw 3 of its levels.

You collected 25 gold pieces.

Inventory:

Hand Weapons
 a - a +0 short sword (weapon)
Jewellery
 e - an amulet of rage (around mantle)
Wands
 b - a wand of flame (15/48)
 c - a wand of enslavement (15/24)
 d - a wand of random effects (15/48)
Scrolls
 g - a scroll of recharging {unknown}
 h - a scroll of enchant armour {unknown}
 j - a scroll of magic mapping {unknown}
 k - a scroll of fear {unknown}
Comestibles
 f - 4 bread rations
 i - 3 fruits


   Skills:
 + Level 1.2 Fighting
 + Level 1.1 Short Blades
 + Level 2.5 Dodging
 + Level 2.1 Stealth
 + Level 4.4 Evocations


You had 2 spell levels left.
You didn't know any spells.

Dungeon Overview and Level Annotations

Branches:
Dungeon (3/15)

Altars:
Dithmenos


Innate Abilities, Weirdness & Mutations

You cannot wear most types of armour.
You are amphibious.
You can wear up to eight rings at the same time.
You can use your tentacles to constrict eight enemies at once.
Your skin changes colour to match your surroundings (Stealth).
Your rubbery body absorbs attacks (AC +1).


Message History

The adder is severely wounded.
You constrict the adder.
You kill the adder!
Your Stealth skill increases to level 2!
You feel sick. The ooze hits you.
* * * LOW HITPOINT WARNING * * *
* * * LOW HITPOINT WARNING * * *
You feel sick.
* * * LOW HITPOINT WARNING * * *
You feel sick.
* * * LOW HITPOINT WARNING * * *
You feel sick.
You see here 11 poisoned needles.
* * * LOW HITPOINT WARNING * * *
You feel sick.
* * * LOW HITPOINT WARNING * * *
You feel sick.
* * * LOW HITPOINT WARNING * * *
You feel sick. The ooze barely misses you.
You die...

.....# #.............# .....#
#.............# .....#
#...........).## ..†..########
#.............'. #......(....#
#.............## #...........#
###.......#'#...
+...........########.......#.#...
#..........................#.####
#.......###..J..@..........#.#
#.?.....# #................#.####
######... #................#.#...
#....#................#.....
#....#................####.#
#....#................# #.# +..
+................# #.#
#....)...........# #.#
#................# #.#


You could see an ooze.

Vanquished Creatures
  A giant frog skeleton (D:3)
  An adder (D:3)
  An ooze (D:2)
  4 bats
  2 goblins
  2 hobgoblins
  A quokka (D:2)
  2 kobolds
  2 rats (D:2)
16 creatures vanquished.

Notes
Turn   | Place    | Note
--------------------------------------------------------------
     0 | D:1      | M4edhros the Octopode Artificer began the quest for the Orb.
     0 | D:1      | Reached XP level 1. HP: 13/13 MP: 3/3
   368 | D:2      | Reached XP level 2. HP: 5/18 MP: 4/4
   780 | D:3      | Found a shadowy altar of Dithmenos.
   822 | D:3      | Reached skill level 4 in Evocations
   941 | D:3      | Reached XP level 3. HP: 19/23 MP: 6/6
   974 | D:3      | HP: 1/23 [poisoned by an adder]
   977 | D:3      | Succumbed to an adder's poison

Vault maps used:
D:1:      evilmike_arrival_fibonacci_small
D:2:      hangedman_decor_slide_cut
D:3:      lemuel_upstairs_altar, overflow_temple_1_default,
          grunt_dithmenos_smoke_and_mirrors, first_bread,
          gup_sewer_entry_spiral, ecumenical_altar_2

Action                   || total
-------------------------++-------
Melee: Short sword       ||    45
 Stab: Sleeping          ||     2
